 Dungeon Crawl Stone Soup version 0.14.0-26-g1682e81 (webtiles) character file.

2364 Heini the Cleaver (level 9, -9/81 HPs)
             Began as a Hill Orc Fighter on Apr 28, 2014.
             Mangled by an orc warrior
             ... wielding a +0,+0 halberd
              (17 damage)
             ... on Level 7 of the Dungeon.
             The game lasted 00:19:53 (6816 turns).

Heini the Cleaver (Hill Orc Fighter)                Turns: 6816, Time: 00:19:54

HP  -9/81        AC 14     Str 22      XL: 9   Next: 30%
MP   9/9         EV  6     Int  8      God:
Gold 232         SH 18     Dex 10      Spells:  0 memorised,  8 levels left

rFire  . . .     SeeInvis .     a - +1,+0 war axe
rCold  + . .     Clarity  .     A - +1 scale mail {rC+}
rNeg   . . .     Conserve .     c - +0 shield
rPois  .         rCorr    .     p - +1 helmet
rElec  .         rRot     .     M - +0 cloak (curse)
SustAb . .       Spirit   .     (no gloves)
rMut   .         Warding  .     x - +0 pair of boots
Saprov + . .     Stasis   .     (no amulet)
MR     .....                    (no ring)
                                (no ring)

@: drained, not resistant to hostile enchantments, extremely unstealthy
A: saprovore 1
a: Convert to Beogh


You were on level 7 of the Dungeon.
You were not hungry.

You visited 2 branches of the dungeon, and saw 8 of its levels.
You also visited: Ossuary.

You collected 232 gold pieces.

Inventory:

Hand weapons
 a - a +1,+0 war axe (weapon)
Armour
 c - a +0 shield (worn)
 p - a +1 helmet (worn)
 x - a +0 pair of boots (worn)
 A - a +1 scale mail of cold resistance (worn)
 M - a cursed +0 cloak (worn)
Comestibles
 d - 2 meat rations
 i - 4 chunks of orc flesh
 m - 2 chunks of orc flesh
 s - 4 bread rations
 E - a choko
 G - an apple
 O - 3 rotting chunks of ogre flesh
Scrolls
 b - a scroll of enchant weapon II {unknown}
 h - 2 scrolls of teleportation
 j - 4 scrolls of remove curse
 l - 2 scrolls of recharging {unknown}
 w - a scroll of blinking {unknown}
 I - a scroll of fog {unknown}
 K - a scroll of summoning {unknown}
Jewellery
 q - an uncursed ring of see invisible {unknown}
 t - a cursed ring of teleportation {unknown}
 y - a cursed ring of protection from cold
 C - a cursed amulet of conservation {unknown}
 F - an uncursed ring of protection from cold
Potions
 e - 2 potions of might
 f - 5 potions of heal wounds
 g - 6 potions of curing
 k - 2 potions of resistance
 n - 2 potions of cure mutation
 u - a potion of flight {unknown}
 v - a potion of lignification {unknown}
 z - a potion of brilliance {unknown}
 B - a potion of haste {unknown}
 D - a potion of agility {unknown}
 H - a potion of magic {unknown}
 J - a potion of restore abilities
 N - a potion of poison {unknown}


   Skills:
 * Level 7.8(7.1) Fighting
 * Level 10.7(10.0) Axes
 * Level 8.1(7.4) Armour
 - Level 3.2(2.6) Shields


You had 8 spell levels left.
You didn't know any spells.

Dungeon Overview and Level Annotations

Branches:
Dungeon (7/15)             Temple (1/1) D:4

Altars:
Ashenzari
Cheibriados
Dithmenos
Fedhas
Kikubaaqudgha
Makhleb
Nemelex Xobeh
Sif Muna
Trog
Vehumet
Xom
Yredelemnul
Zin
The Shining One

Shops:
D:6 %


Innate Abilities, Weirdness & Mutations

You can tolerate rotten meat.


Message History

You block the orc warrior's attack.
The orc priest picks up a flail.
The orc priest wields a flail.
An orc comes into view.
The orc warrior hits you with a halberd.
* * * LOW HITPOINT WARNING * * *
Things that are here:
a flail; an orc corpse You slash the orc warrior!
The orc warrior is moderately wounded.
You block the orc warrior's attack.
You hit the orc warrior but do no damage.
The orc warrior is moderately wounded.
You block the orc warrior's attack.
You slash the orc warrior!
The orc warrior is severely wounded.
The orc warrior hits you but does no damage.
You hit the orc warrior.
The orc warrior is severely wounded.
The orc warrior hits you with a halberd!
You die...

...#.. . .#.#. ..# ...
... .#####.###.#
#........o...#.#. #.#
#..####........... #.#
#.....)oo....# # #.#
#..####o###..o....
#.###..####@###..#.#.
.....................
#.#.#................
#.#.#............#.#
#.#.#..#.##.........
.#####.#.#..#...........#
........................
####.....#..........#..
............####......


You could see an orc warrior, an orc priest and 2 orcs.

Vanquished Creatures
  2 orc warriors (D:6)
  2 sky beasts
  2 ogres
  A centaur (D:5)
  4 giant frogs (D:6)
  Blork the orc (D:6)
  A vampire bat (D:4)
  5 wights (D:7)
  A crimson imp (D:6)
  A hound (D:6)
  A giant frog zombie (D:5)
  A giant frog skeleton (D:6)
  2 orc priests (D:7)
  2 orc wizards
  An iguana (D:5)
  6 worker ants
  A killer bee zombie (D:6)
  Ijyb (D:5)
  8 big kobold zombies (Ossuary)
  A mummy (Ossuary)
  4 gnolls (D:6)
  6 adders
  2 big fish zombies (D:3)
  3 fire bats (D:4)
  2 giant geckos (D:1)
  16 orcs
  4 spectral bats
  3 bat skeletons (D:4)
  2 bat zombies
  6 giant cockroaches
  4 gnoll zombies (Ossuary)
  6 hobgoblins
  2 jackals (D:6)
  14 kobolds
  6 quokkas
  A ball python (D:2)
  12 bats
  5 bat simulacra
  5 giant newts
  A giant spore (D:6)
  11 goblins
  2 goblin simulacra (Ossuary)
  7 goblin zombies (Ossuary)
  4 hobgoblin zombies (Ossuary)
  3 kobold simulacra (Ossuary)
  2 kobold zombies (Ossuary)
  5 orc zombies (Ossuary)
  10 rats
  A rat skeleton (D:4)
  A spectral goblin (Ossuary)
  A spectral kobold (Ossuary)
  3 spectral rats (Ossuary)
  3 ballistomycetes (D:6)
  3 plants (D:2)
204 creatures vanquished.

Vanquished Creatures (others)
  A gnoll (D:6)
  An adder (D:6)
  A giant eyeball (D:6)
  A giant gecko (D:6)
  A goblin (D:6)
  2 hobgoblins (D:6)
  2 giant cockroaches (D:6)
  3 giant spores (D:6)
  A jackal (D:6)
13 creatures vanquished.

Grand Total: 217 creatures vanquished

Notes
Turn   | Place    | Note
--------------------------------------------------------------
     0 | D:1      | Heini, the Hill Orc Fighter, began the quest for the Orb.
     0 | D:1      | Reached XP level 1. HP: 19/19 MP: 1/1
   270 | D:1      | Reached XP level 2. HP: 21/27 MP: 2/2
   506 | D:1      | Reached skill level 4 in Fighting
  1012 | D:2      | Reached XP level 3. HP: 23/33 MP: 3/3
  1817 | D:3      | Reached XP level 4. HP: 36/41 MP: 4/4
  1822 | D:3      | Found a basalt altar of Yredelemnul.
  2188 | D:3      | Found a sparkling altar of Nemelex Xobeh.
  2506 | D:3      | Reached XP level 5. HP: 40/47 MP: 5/5
  3251 | D:4      | Reached skill level 5 in Armour
  3367 | D:4      | Found a staircase to the Ecumenical Temple.
  3393 | D:4      | Found a sand-covered staircase.
  3400 | Ossuary  | Entered an ossuary
  3559 | Ossuary  | Reached skill level 5 in Axes
  3571 | Ossuary  | Reached skill level 5 in Fighting
  3571 | Ossuary  | Reached XP level 6. HP: 53/56 MP: 6/6
  3947 | Temple   | Entered the Ecumenical Temple
  4233 | D:4      | Reached skill level 6 in Axes
  4236 | D:4      | Reached XP level 7. HP: 59/61 MP: 7/7
  4457 | D:5      | Entered Level 5 of the Dungeon
  4484 | D:5      | Reached skill level 7 in Axes
  4924 | D:5      | Noticed Ijyb
  4935 | D:5      | Killed Ijyb
  5005 | D:5      | Reached XP level 8. HP: 66/70 MP: 8/8
  5156 | D:5      | Reached skill level 8 in Axes
  5276 | D:6      | Found Luzut's Food Shoppe.
  5330 | D:6      | Noticed Blork the orc
  5338 | D:6      | Killed Blork the orc
  5471 | D:6      | Reached skill level 9 in Axes
  5934 | D:6      | Found a shimmering altar of Xom.
  6150 | D:6      | Reached skill level 10 in Axes
  6150 | D:6      | Reached XP level 9. HP: 34/79 MP: 9/9
  6816 | D:7      | Mangled by an orc warrior

Action                   |  1- 3 |  4- 6 |  7- 9 || total
-------------------------+-------+-------+-------++-------
Melee: War axe           |   189 |   431 |   419 ||  1039
  Use: Scroll            |     3 |     8 |     3 ||    14
